Map: Heavy Artillery LE

Players

Massa - Winner!

  • Race: Terran Terran
  • League: Platinum
  • Spawn Location: 3:00

qqq - Winner!

  • Race: Zerg Zerg
  • Spawn Location: 1:00

SodyBoy

  • Race: Protoss Protoss
  • Spawn Location: 7:00

Cobaneros

  • Race: Terran Terran
  • League: Diamond
  • Spawn Location: 7:00

VOD

Have the link to the VOD?

Description

Time

  • Played on: Oct. 27, 2020, 4:51 p.m.
  • Length: 14:37
Show
View Real Time Build Order
Export as new Build Order

Massa Terran - Winner!

Build Orders: Gas First Reaper Expand 

Get SALT Encoding   

  12  0:04  SCV  
  13  0:16  SCV  
  14  0:26  Refinery  
  14  0:28  SCV, Supply Depot  
  15  0:50  SCV  
  15  0:52  Barracks  
  16  1:02  SCV  
  17  1:14  SCV  
  18  1:26  SCV  
  19  1:39  Reaper  
  20  1:40  Orbital Command  
  20  1:49  Command Center  
  20  2:10  SCV  
  20  2:11  Marine  
  22  2:22  SCV  
  23  2:25  Factory  
  23  2:31  Supply Depot  
  23  2:36  Barracks  
  23  2:37  Barracks Reactor  
  23  2:49  Supply Depot  
  23  2:52  Engineering Bay  
  23  2:53  SCV  
  23  2:55  Supply Depot  
  24  3:05  SCV  
  25  3:24  Orbital Command  
  25  3:27  Barracks Reactor, Marine x2  
  25  3:29  Factory Tech Lab  
  25  3:33  SCV  
  28  3:38  Missile Turret  
  28  3:45  SCV, Marine x2  
  31  3:52  Siege Tank  
  34  3:56  SCV  
  34  3:57  SCV  
  34  3:58  Refinery  
  36  4:03  Marine x3  
  36  4:04  Marine  
  36  4:08  SCV  
  41  4:12  Starport  
  41  4:20  Marine  
  41  4:21  Marine  
  42  4:38  SCV x2  
  44  4:41  Missile Turret  
  44  4:43  Refinery  
  44  4:45  Terran Infantry Weapons Level 1  
  44  4:46  Marine x2  
  44  4:47  Marine x2  
  44  4:50  SCV x2  
  50  4:53  Barracks  
  50  5:02  SCV, Medivac  
  50  5:04  Marine x2  
  50  5:05  Marine x2  
  57  5:09  Supply Depot  
  57  5:10  Supply Depot  
  57  5:14  Missile Turret  
  57  5:16  Missile Turret  
  57  5:17  SCV x2  
  59  5:22  Marine  
  59  5:25  Marine x2  
  62  5:30  SCV x2, Marine  
  65  5:37  Medivac  
  65  5:39  Marine  
  65  5:41  Siege Tank  
  71  5:43  SCV x2, Marine x2  
  75  5:55  Barracks Tech Lab  
  75  6:00  Refinery  
  75  6:05  Command Center  
  75  6:07  Liberator  
  78  6:15  Missile Turret  
  78  6:33  Stimpack  
  78  6:39  Supply Depot  
  78  6:57  Starport Reactor  
  78  7:01  Marine x5  
  86  7:05  Cyclone  
  83  7:18  Marine x5  
  88  7:36  Marine x4  
  89  7:37  Cyclone  
  81  8:02  Marine  
  81  8:03  Marine x4  
  83  8:09  Cyclone  
  86  8:18  Factory, Combat Shield  
  86  8:19  Factory  
  86  8:20  Marine x4  
  86  8:21  Marine  
  86  8:24  Barracks  
  92  8:27  SCV x2  
  93  8:38  Marine x5  
  93  8:39  SCV x2  
  100  8:51  SCV, Cyclone  
  100  8:52  Supply Depot  
  100  8:54  Supply Depot x2  
  101  8:56  Supply Depot x2  
  101  9:03  Factory Tech Lab  
  101  9:04  Factory Tech Lab  
  101  9:09  Orbital Command  
  101  9:14  SCV, Marine x3, Medivac x2  
  101  9:15  SCV, Marine x2  
  112  9:17  Supply Depot  
  112  9:26  SCV  
  112  9:27  Terran Infantry Armor Level 1, SCV  
  112  9:29  Armory  
  114  9:32  Marine x3  
  114  9:33  Marine x2  
  114  9:35  Ghost Academy  
  114  9:36  Barracks Reactor  
  119  9:38  SCV  
  119  9:39  SCV  
  119  9:44  Medivac x2  
  125  9:46  SCV  
  125  9:49  Marine  
  125  9:50  SCV, Marine  
  125  9:51  SCV  
  130  9:57  Marine x3  
  130  9:58  SCV  
  134  10:03  SCV  
  134  10:04  SCV  
  136  10:07  Marine  
  136  10:08  Marine  
  136  10:10  SCV  
  139  10:14  Marine  
  139  10:15  SCV, Marine x2  
  139  10:16  SCV  
  144  10:22  SCV  
  144  10:25  Marine  
  144  10:26  Marine  
  144  10:27  SCV  
  144  10:28  SCV  
  149  10:33  Personal Cloaking  
  149  10:40  Refinery  
  149  10:41  Refinery  
  149  10:48  Command Center  
  149  11:20  Marine x2  
  149  11:21  SCV  
  149  11:25  Marine  
  149  11:26  Marine  
  149  11:28  Marine  
  147  11:38  Marine  
  148  11:43  Marine  
  148  11:44  Marine  
  149  11:59  Supply Depot x2  
  149  12:00  Marine, Thor x3  
  162  12:01  Supply Depot  
  162  12:03  Supply Depot  
  151  12:23  Supply Depot x2  
  151  12:27  Supply Depot  
  122  12:42  Thor x2  
  122  12:43  Thor  
  128  12:54  Planetary Fortress  
  124  12:59  Marauder, Marine  
  124  13:00  Marine x4  
  130  13:07  Medivac  
  130  13:10  Marine  
  130  13:18  Marine x4  
  134  13:20  Marauder  
  134  13:25  Thor  
  134  13:26  Thor  
  148  13:28  Marine  
  149  13:35  Marine x2  
  149  13:37  Marine x2  
  144  13:42  Marauder  
  144  13:46  Marine  
  147  13:53  Marine x2  
  143  14:03  Marauder  
  143  14:06  Marine x3  
  148  14:11  Marine  
  149  14:22  Supply Depot x2  
  149  14:23  Supply Depot x2  
  149  14:24  Supply Depot  
  149  14:26  Supply Depot x2  
  149  14:27  Supply Depot  
  149  14:30  Command Center  
Show
View Real Time Build Order
Export as new Build Order

qqq Zerg - Winner!

Build Orders: Hatch First 

Get SALT Encoding   

  12  0:05  Drone  
  13  0:12  Drone  
  14  0:37  Hatchery  
  13  0:46  Drone  
  14  0:57  Spawning Pool  
  13  1:05  Overlord  
  13  1:08  Drone  
  14  1:11  Extractor  
  14  1:15  Drone  
  14  1:23  Drone  
  15  1:29  Drone  
  16  1:42  Drone  
  17  1:51  Drone  
  17  1:53  Drone  
  19  2:07  Drone  
  20  2:09  Drone  
  20  2:14  Drone  
  20  2:15  Hatchery  
  21  2:35  Drone x3  
  24  2:40  Queen  
  24  2:42  Drone  
  27  2:48  Lair  
  26  2:59  Overlord  
  26  3:01  Drone x2  
  28  3:09  Overlord  
  28  3:10  Extractor, Drone  
  28  3:23  Drone x2  
  28  3:26  Drone x2  
  32  3:37  Drone  
  32  3:39  Queen  
  32  3:40  Drone  
  32  3:41  Drone  
  37  3:44  Drone  
  38  3:48  Spire  
  38  3:51  Drone  
  38  3:53  Drone  
  38  3:55  Drone  
  40  3:57  Drone  
  41  4:12  Overseer  
  41  4:15  Pneumatized Carapace  
  41  4:17  Drone x3  
  41  4:18  Drone x3  
  41  4:21  Extractor  
  41  4:22  Extractor  
  45  4:27  Zergling x6  
  48  4:31  Drone x2  
  48  4:36  Spore Crawler  
  49  4:38  Spore Crawler  
  49  4:40  Spore Crawler  
  49  4:41  Drone  
  48  5:01  Drone  
  48  5:02  Drone  
  48  5:03  Overlord x2  
  48  5:05  Zerg Flyer Weapons Level 1  
  50  5:09  Hatchery  
  49  5:17  Overlord x3  
  49  5:21  Queen  
  49  5:23  Mutalisk x2  
  49  5:25  Drone  
  49  5:26  Drone  
  57  5:35  Mutalisk  
  59  5:43  Hydralisk Den  
  59  5:44  Drone x4, Infestation Pit  
  59  5:46  Zergling x2  
  62  6:10  Mutalisk x3  
  68  6:18  Drone  
  68  6:19  Drone x6  
  68  6:20  Drone x3  
  72  6:30  Spore Crawler x2  
  72  6:31  Spore Crawler  
  72  6:32  Spore Crawler  
  68  6:33  Spore Crawler  
  68  6:35  Mutalisk  
  68  6:36  Mutalisk, Spore Crawler  
  68  6:38  Drone  
  71  6:42  Spore Crawler  
  71  6:47  Mutalisk  
  70  6:50  Drone x3  
  70  6:51  Drone  
  76  6:56  Extractor  
  75  7:03  Drone  
  75  7:05  Drone x4  
  75  7:06  Drone  
  75  7:07  Mutalisk  
  75  7:08  Mutalisk x3  
  88  7:23  Mutalisk x2  
  88  7:25  Drone x3  
  95  7:37  Muscular Augments  
  95  7:39  Overlord x3  
  95  7:40  Overlord  
  95  7:44  Spine Crawler  
  95  7:45  Spore Crawler  
  95  7:46  Drone  
  95  7:47  Drone, Spore Crawler x2  
  93  7:51  Drone x2  
  93  7:54  Extractor  
  93  7:56  Zerg Flyer Armor Level 1  
  93  7:58  Overlord  
  94  7:59  Drone x3  
  97  8:07  Hatchery  
  96  8:14  Mutalisk x3  
  96  8:16  Drone x5  
  107  8:22  Spore Crawler x2  
  107  8:23  Spore Crawler  
  107  8:25  Spore Crawler  
  107  8:26  Drone, Spore Crawler  
  103  8:28  Spore Crawler  
  102  8:37  Spore Crawler  
  102  8:38  Spore Crawler  
  102  8:39  Drone x3  
  102  8:40  Mutalisk, Spore Crawler  
  102  8:41  Mutalisk x2  
  104  8:43  Drone  
  104  8:44  Drone  
  110  8:57  Drone x2  
  112  9:17  Mutalisk x5  
  112  9:18  Drone x2  
  112  9:19  Drone x3  
  112  9:21  Corruptor  
  129  9:29  Drone  
  130  9:41  Drone x5  
  130  9:42  Drone x3  
  138  9:53  Corruptor  
  138  9:55  Overlord x5  
  138  9:56  Overlord x2  
  138  10:17  Hatchery  
  138  10:19  Hatchery  
  134  10:24  Mutalisk x2, Hydralisk  
  134  10:25  Hydralisk x5  
  134  10:26  Corruptor x3  
  156  10:46  Mutalisk x4  
  156  11:14  Corruptor x5  
  156  11:15  Corruptor  
  156  11:16  Drone x5  
  156  11:17  Drone  
  148  11:39  Mutalisk x2, Corruptor x2  
  142  11:41  Drone x4  
  146  11:56  Mutalisk x2  
  146  11:57  Mutalisk  
  146  11:59  Drone x2  
  146  12:00  Zergling x12  
  160  12:04  Spine Crawler  
  160  12:05  Spine Crawler x2  
  157  12:12  Mutalisk x2  
  134  12:23  Drone x2  
  134  12:24  Drone  
  134  12:26  Hive  
  137  12:33  Evolution Chamber  
  137  12:35  Evolution Chamber  
  135  12:37  Drone x3  
  135  12:38  Drone  
  135  12:40  Drone x3  
  136  12:58  Hydralisk x5, Grooved Spines  
  136  12:59  Hydralisk  
  136  13:05  Lurker Den  
  147  13:25  Drone x4  
  147  13:26  Drone x5  
  156  13:27  Spine Crawler x3  
  153  13:43  Ultralisk Cavern  
  152  13:57  Drone x5  
  152  13:58  Drone  
  157  14:17  Spine Crawler  
  157  14:18  Spine Crawler  
  157  14:19  Spine Crawler x2  
  157  14:20  Spine Crawler  
  157  14:21  Spine Crawler x3  
  157  14:22  Spine Crawler  
  157  14:23  Spine Crawler x3  
  141  14:24  Spine Crawler x2  
  141  14:25  Drone x2, Spine Crawler  
  141  14:28  Spine Crawler  
  146  14:35  Hatchery  
Show
View Real Time Build Order
Export as new Build Order

SodyBoy Protoss 

Build Orders: Carriers, Proxy Void Ray 

Get SALT Encoding   

  12  0:00  Probe  
  13  0:12  Probe  
  14  0:18  Pylon  
  14  0:25  Probe (Chrono Boost)  
  15  0:37  Probe (Chrono Boost)  
  15  0:38  Gateway  
  16  0:44  Probe (Chrono Boost)  
  17  0:51  Probe  
  17  0:53  Assimilator  
  18  1:01  Pylon  
  18  1:04  Probe  
  18  1:11  Assimilator  
  19  1:17  Probe (Chrono Boost)  
  20  1:28  Probe (Chrono Boost), Cybernetics Core  
  21  1:33  Probe (Chrono Boost)  
  22  1:43  Probe  
  23  2:09  Stargate  
  23  2:11  Shield Battery  
  23  2:12  Shield Battery  
  23  2:23  Nexus  
  23  2:51  Pylon  
  23  2:55  Void Ray (Chrono Boost)  
  23  2:59  Forge  
  23  3:03  Pylon  
  27  3:09  Stalker  
  29  3:18  Void Ray (Chrono Boost)  
  33  3:36  Probe (Chrono Boost)  
  33  3:39  Protoss Air Weapons Level 1  
  34  3:47  Probe (Chrono Boost)  
  35  3:50  Shield Battery  
  35  3:52  Probe (Chrono Boost)  
  36  3:59  Assimilator  
  36  4:00  Void Ray  
  36  4:02  Probe  
  41  4:14  Probe  
  42  4:21  Assimilator  
  42  4:26  Probe  
  43  4:34  Photon Cannon  
  43  4:38  Probe (Chrono Boost), Photon Cannon  
  43  4:41  Void Ray  
  44  4:49  Probe (Chrono Boost)  
  49  4:54  Probe (Chrono Boost)  
  49  4:55  Pylon  
  50  5:05  Probe (Chrono Boost)  
  51  5:17  Probe (Chrono Boost)  
  51  5:18  Stargate, Void Ray (Chrono Boost)  
  52  5:22  Probe (Chrono Boost)  
  57  5:32  Fleet Beacon  
  57  5:34  Probe (Chrono Boost)  
  59  5:44  Probe (Chrono Boost)  
  59  5:49  Probe (Chrono Boost)  
  59  5:52  Void Ray (Chrono Boost)  
  60  6:00  Probe  
  65  6:12  Probe  
  66  6:20  Nexus  
  66  6:21  Pylon  
  66  6:25  Pylon  
  66  6:39  Carrier x2  
  78  6:47  Pylon  
  78  6:48  Pylon  
  78  6:57  Probe  
  51  7:39  Probe (Chrono Boost)  
  51  7:40  Probe (Chrono Boost)  
  51  7:44  Carrier x2  
  68  7:51  Probe (Chrono Boost)  
  68  7:52  Probe x2 (Chrono Boost)  
  70  7:59  Probe x2 (Chrono Boost)  
  70  8:00  Pylon  
  70  8:04  Probe (Chrono Boost)  
  71  8:17  Probe (Chrono Boost)  
  72  8:24  Probe (Chrono Boost)  
  72  8:25  Probe (Chrono Boost)  
  74  8:31  Probe (Chrono Boost)  
  74  8:32  Protoss Air Weapons Level 2  
  77  8:34  Probe (Chrono Boost)  
  77  8:35  Probe (Chrono Boost)  
  77  8:39  Probe (Chrono Boost)  
  79  8:42  Probe (Chrono Boost)  
  79  8:43  Probe (Chrono Boost)  
  79  8:44  Probe (Chrono Boost)  
  82  8:56  Probe (Chrono Boost), Carrier (Chrono Boost)  
  82  9:00  Probe (Chrono Boost)  
  82  9:01  Probe (Chrono Boost)  
  93  9:10  Probe x2 (Chrono Boost)  
  93  9:11  Probe (Chrono Boost), Assimilator  
  93  9:15  Assimilator  
  93  9:18  Probe  
  93  9:19  Pylon  
  93  9:21  Forge  
  93  9:22  Shield Battery  
  94  9:25  Shield Battery  
  94  9:30  Probe  
  95  9:33  Probe  
  95  9:34  Probe  
  97  9:42  Probe  
  98  9:46  Probe x2  
  98  9:48  Shield Battery  
  98  9:50  Carrier (Chrono Boost)  
  106  9:55  Probe  
  107  10:07  Probe  
  108  10:18  Carrier  
  114  10:25  Stargate  
  113  10:45  Photon Cannon  
  113  10:46  Photon Cannon  
  113  10:47  Photon Cannon  
  119  10:55  Shield Battery  
  45  11:56  Nexus  
  45  11:59  Pylon  
  45  12:02  Pylon  
  39  12:09  Nexus  
  39  12:10  Carrier  
  39  12:13  Pylon  
  39  12:16  Pylon  
  39  12:20  Assimilator  
  39  12:26  Assimilator  
  39  12:43  Pylon  
  40  12:59  Probe x2 (Chrono Boost)  
  40  13:00  Assimilator  
  40  13:03  Assimilator  
  41  13:09  Probe (Chrono Boost)  
  41  13:11  Probe (Chrono Boost)  
  43  13:14  Probe (Chrono Boost)  
  43  13:16  Carrier x2  
  57  13:20  Probe (Chrono Boost)  
  57  13:24  Stargate  
  57  13:26  Stargate  
  58  13:28  Stargate  
  58  13:29  Probe (Chrono Boost)  
  58  13:30  Probe (Chrono Boost)  
  60  13:37  Probe (Chrono Boost)  
  60  13:40  Probe (Chrono Boost)  
  62  13:42  Probe (Chrono Boost)  
  62  13:45  Probe (Chrono Boost)  
  63  13:54  Probe x2  
  65  13:57  Probe  
  66  14:06  Probe x2  
  66  14:09  Probe  
  57  14:18  Probe x2  
Show
View Real Time Build Order
Export as new Build Order

Cobaneros Terran 

Build Orders:  

Get SALT Encoding   

  12  0:00  SCV  
  13  0:12  SCV  
  14  0:17  Supply Depot  
  14  0:24  SCV  
  15  0:28  Refinery  
  15  0:39  SCV  
  16  0:49  Barracks  
  16  0:51  SCV  
  17  1:03  SCV  
  18  1:15  SCV  
  19  1:36  Orbital Command  
  19  1:37  Marine  
  20  1:44  Command Center  
  20  1:56  Ghost Academy  
  20  2:03  Refinery  
  20  2:06  SCV  
  21  2:16  Barracks Tech Lab  
  21  2:18  SCV  
  22  2:40  Supply Depot  
  22  2:42  Personal Cloaking  
  22  2:44  SCV  
  23  2:56  SCV  
  26  3:01  Orbital Command  
  26  3:08  SCV  
  27  3:21  SCV  
  27  3:24  Unknown  
  28  3:28  Marine  
  28  3:31  Factory  
  29  3:35  SCV x2  
  31  3:45  Refinery  
  31  3:47  SCV x2  
  32  3:55  Marauder  
  34  4:00  Command Center  
  34  4:06  SCV x2  
  36  4:11  Supply Depot  
  36  4:18  Starport, SCV x2  
  36  4:19  Nuke  
  38  4:35  Marauder  
  38  4:38  Concussive Shells  
  40  4:41  Factory Tech Lab  
  40  4:42  SCV x2  
  42  4:48  Refinery  
  42  4:54  SCV x2, Medivac  
  42  4:57  Marauder  
  48  5:05  Supply Depot  
  48  5:06  SCV x2  
  50  5:12  Orbital Command  
  50  5:15  Siege Tank  
  50  5:18  SCV  
  54  5:23  Barracks  
  54  5:24  Barracks  
  54  5:27  Barracks  
  54  5:28  Orbital Command, Supply Depot  
  54  5:29  SCV  
  54  5:30  SCV  
  56  5:41  SCV  
  57  5:46  SCV  
  58  5:59  Engineering Bay  
  58  6:01  Engineering Bay  
  58  6:05  Viking, Siege Tank  
  63  6:12  Factory  
  63  6:13  SCV x3  
  63  6:16  Barracks Reactor  
  63  6:17  Barracks Tech Lab  
  66  6:19  Stimpack  
  66  6:22  Barracks Reactor  
  66  6:25  SCV x3  
  69  6:27  Missile Turret  
  69  6:28  Missile Turret  
  69  6:33  Missile Turret  
  69  6:37  SCV  
  69  6:38  Missile Turret  
  69  6:39  Starport Reactor  
  70  6:57  Marine  
  70  6:58  Marine  
  70  6:59  Factory Tech Lab  
  72  7:06  Marine x2, Siege Tank  
  72  7:07  Marine x2  
  78  7:15  Marine x2  
  69  7:24  Marine x2  
  69  7:29  Marine x2  
  69  7:33  Marine x2  
  71  7:44  Marine x2  
  72  7:47  Marine x2  
  72  7:51  Marine  
  68  7:59  Marine  
  68  8:01  Marine x2  
  68  8:05  Marine x2  
  73  8:06  Siege Tank  
  73  8:07  Siege Tank  
  73  8:08  SCV x3  
  73  8:09  Refinery, Marine  
  73  8:10  Command Center  
  73  8:11  Refinery  
  83  8:15  Supply Depot  
  83  8:16  Medivac  
  83  8:17  Barracks, Supply Depot  
  83  8:18  Supply Depot  
  85  8:20  Supply Depot x2  
  85  8:21  Supply Depot  
  85  8:37  SCV, Marine x3, Medivac  
  91  8:45  Siege Tank  
  91  8:46  Marine x3  
  97  8:49  SCV, Terran Infantry Weapons Level 1  
  97  8:50  Terran Infantry Armor Level 1  
  97  8:52  Armory  
  97  8:54  Marine  
  97  8:55  Missile Turret  
  99  9:00  Marine x2  
  101  9:04  Marine x3  
  103  9:12  Marine  
  104  9:17  Marine x2  
  104  9:21  Marine x2  
  104  9:22  Marine  
  109  9:25  Barracks Reactor  
  109  9:30  Marine  
  110  9:31  Nuke  
  110  9:35  Marine x2, Combat Shield  
  112  9:39  Marine x3  
  112  9:42  Barracks, Missile Turret  
  115  9:46  Command Center  
  115  9:48  Marine  
  116  9:53  Missile Turret  
  116  9:59  Marine x2  
  118  10:00  Marine x2, Supply Depot  
  118  10:01  Marauder  
  128  10:11  Thor x2  
  121  10:18  Marauder  
  123  10:23  Marauder, Supply Depot  
  122  10:46  Supply Depot  
  120  10:56  Thor  
  120  10:57  Thor  
  115  10:58  Marine x6  
  115  10:59  Marine x2  
  119  11:16  Marine x4, Medivac x2  
  127  11:25  SCV  
  127  11:26  SCV x2  
  130  11:38  SCV x3  
  121  12:01  Marine  
  121  12:02  Marine x5  
  121  12:03  Marauder x2  
  117  12:12  Medivac x2  
  117  12:13  Siege Tank x2  
  125  12:19  Marine  
  115  12:24  Marauder  
  107  12:34  Marine  
  107  12:35  Marine x5  
  93  12:37  Marine  
  93  12:42  Medivac  
  96  12:45  Marine, Siege Tank  
  99  12:54  Marine  
  99  12:55  Marine x6  
  106  13:03  Marine  
  107  13:12  Marine x2  
  105  13:13  Marine x4  
  110  13:23  Marine x2  
  105  13:35  Marine  
  105  13:37  Marine x5  
  105  13:40  Marine  
  105  13:41  Marine  
  84  13:52  Marine  
  84  13:55  Marine x4  
  71  14:23  Command Center  
Tags
 
Add a new tag
Caveats
  • Supply blocks, unpowered buildings, or Contaminate may cause inaccurate times.
  • Supply counts are checked every 10 seconds.